Map: Ruins of Seras

Players

seph

  • Race: Zerg Zerg
  • League: Silver

Javert - Winner!

  • Race: Zerg Zerg
  • League: Silver

VOD

Have the link to the VOD?

Description

Time

  • Played on: July 20, 2015, 2:36 p.m.
  • Length: 6:26
Show
View Real Time Build Order
Export as new Build Order

seph Zerg 

Build Orders: Pool First 

Get SALT Encoding   

  12  0:03  Extractor  
  11  0:11  Drone  
  12  0:28  Spawning Pool  
  11  0:32  Drone  
  12  0:45  Overlord  
  12  0:52  Drone  
  13  1:05  Drone  
  13  1:06  Drone  
  15  1:15  Metabolic Boost  
  15  1:26  Queen  
  17  1:33  Drone x2  
  17  1:36  Drone  
  20  1:45  Overlord  
  20  1:56  Drone  
  21  2:14  Zergling x2  
  22  2:20  Hatchery  
  22  2:21  Zergling x2  
  23  2:30  Zergling x2  
  23  2:36  Zergling x6  
  23  2:37  Zergling x2  
  27  2:44  Queen  
  27  2:46  Drone  
  30  2:53  Overlord  
  30  3:24  Overlord  
  30  3:25  Drone x2  
  30  3:26  Drone x2  
  34  3:46  Overlord, Drone  
  34  3:47  Drone x5  
  40  3:49  Lair  
  39  4:07  Extractor  
  38  4:13  Queen  
  38  4:14  Spine Crawler  
  39  4:17  Overlord  
  39  4:18  Drone x4  
  39  4:20  Drone  
  39  4:22  Zergling x2  
  39  4:24  Zergling x2  
  46  4:33  Zergling x8  
  44  4:43  Zergling x8  
  47  4:50  Zergling x2  
  47  4:51  Zergling x4  
  47  4:57  Drone x2  
  49  5:04  Hydralisk Den  
  46  5:20  Zergling x10  
  46  5:28  Zergling x6  
  46  5:30  Zergling x2  
  50  5:40  Zergling x4  
  50  5:41  Spine Crawler  
  51  5:46  Hydralisk  
Show
View Real Time Build Order
Export as new Build Order

Javert Zerg - Winner!

Build Orders: Hatch First 

Get SALT Encoding   

  12  0:03  Drone  
  13  0:13  Overlord  
  13  0:18  Drone  
  14  0:31  Drone x2  
  16  0:40  Drone  
  17  0:55  Hatchery  
  16  0:58  Drone  
  16  1:00  Extractor  
  16  1:04  Drone  
  16  1:10  Drone  
  18  1:21  Spawning Pool  
  18  1:25  Drone  
  18  1:41  Drone x2  
  20  1:55  Overlord  
  20  2:10  Queen  
  20  2:11  Queen  
  20  2:13  Zergling x6  
  27  2:19  Metabolic Boost  
  27  2:23  Baneling Nest  
  27  2:26  Zergling x2  
  27  2:29  Zergling x2  
  28  2:31  Zergling x2  
  29  2:38  Drone  
  30  2:54  Zergling x6  
  33  2:59  Roach Warren  
  33  3:03  Overlord  
  32  3:09  Baneling x3  
  32  3:13  Drone x2  
  34  3:23  Drone  
  34  3:24  Drone x2  
  37  3:28  Overlord  
  37  3:37  Baneling  
  37  3:38  Baneling x2  
  37  3:43  Roach x2  
  41  3:52  Roach x2  
  45  3:56  Drone x2  
  45  3:57  Drone  
  48  4:04  Roach  
  48  4:09  Extractor  
  50  4:10  Drone x2  
  51  4:22  Overlord x2  
  51  4:38  Drone x2  
  51  4:52  Roach x5  
  60  5:03  Overlord x2  
  60  5:05  Extractor  
  57  5:10  Roach x2  
  61  5:23  Baneling x2  
  61  5:25  Baneling  
  61  5:33  Zergling x24  
  72  5:54  Overlord  
Tags
 
Add a new tag
Caveats
  • Supply blocks, unpowered buildings, or Contaminate may cause inaccurate times.
  • Supply counts are checked every 10 seconds.